cohdb
Replays
Latest Replays
All Replays
Popular Replays
Top Player Replays
Match Explorer
How It Works
Community
CoH3 Stats
Reddit
Sign in to upload your games and track your stats! →
Sign in with Steam
Match 45306559
Unlisted
Match 45306559
Overview
Messages
Build Orders
End
Construct Infanterie Kompanie
Pioneer Squad
Grenadier Squad
Grenadier Squad
Grenadier Squad
Construct Luftwaffe Kompanie
Flak 30 Anti-aircraft Gun Team
Support Elements
Wirbelwind Flakpanzer
Jäger Squad
Wirbelwind Flakpanzer
Side Skirts
Wirbelwind Flakpanzer
Jäger Squad
Selects Mechanized Battlegroup
Selects Spotting Scopes
Selects Wespe Self-propelled Artillery
Wespe Self-propelled Artillery
Jäger Squad
Jäger Squad
Selects Raid Package
Selects Raid Package
Selects 8 Rad Armored Car
Selects UNKNOWN (2160084)
Construct Panzer Kompanie
Stoßtruppen Squad
Panther Heavy Tank
MG 42 Machine Gun Team
Grenadier Squad
Grenadier Squad
Grenadier Squad
Grand.G
Duein
0
0
Comments
sign in to comment!
No comments posted yet!